 Dungeon Crawl Stone Soup version 0.18.1-48-g4cf74bf (webtiles) character file.

186 RickumRackum the Skirmisher (level 5, 0/43 HPs)
             Began as a Formicid Abyssal Knight on Aug 24, 2016.
             Was a Believer of Lugonu.
             Succumbed to a worker ant's poison
             ... on level 3 of the Dungeon.
             The game lasted 00:24:27 (2806 turns).

RickumRackum the Skirmisher (FoAK)                  Turns: 2806, Time: 00:24:27

Health: 0/43       AC: 12    Str: 16 (17) XL:     5   Next: 97%
Magic:  7/7        EV:  5    Int: 11 (12) God:    Lugonu [**....]
Gold:   170        SH:  0    Dex:  8 (10) Spells: 0 memorised, 4 levels left

rFire  . . .     SeeInvis +     a - +1 hand axe
rCold  . . .     Gourm    .     g - +0 plate armour
rNeg   . . .     Faith    .     (no shield)
rPois  .         Spirit   .     (helmet unavailable)
rElec  .         Dismiss  .     b - +0 cloak
rCorr  .         Reflect  .     (no gloves)
SustAt .         Harm     .     (no boots)
MR     .....                    (no amulet)
Stlth  ..........               (no ring)
                                (no ring)

@: lethally poisoned (0 -> -2), not resistant to hostile enchantments, extremely
unstealthy
A: permanent stasis, dig shafts and tunnels, four strong arms, antennae 3
a: Dig, Shaft Self, Depart the Abyss, Bend Space, Renounce Religion


You were on level 3 of the Dungeon.
You worshipped Lugonu.
Lugonu was pleased with you.
You were not hungry.

You visited 1 branch of the dungeon, and saw 4 of its levels.
You visited the Abyss 1 time.

You collected 170 gold pieces.

Inventory:

Hand Weapons
 a - a +1 hand axe (weapon)
Missiles
 e - 3 throwing nets (quivered)
 o - 125 stones
Armour
 b - a +0 cloak (worn)
 g - a +0 plate armour (worn)
Scrolls
 d - a scroll of noise
 j - 4 scrolls of remove curse
 q - 2 scrolls of identify
Books
 s - a book of Power

   Spells                             Type                      Level
   a - Fulminant Prism                Conjuration/Hexes            4
   b - Iskenderun's Mystic Blast      Conjuration                  4
   c - Venom Bolt                     Conjuration/Poison           5
   d - Bolt of Magma                  Conjuration/Fire/Earth       5
   e - Iron Shot                      Conjuration/Earth            6
   f - Orb of Destruction             Conjuration                  7
   g - Spellforged Servitor           Conjuration/Summoning        7
Comestibles
 c - a bread ration
 f - a slice of pizza
 p - a beef jerky


   Skills:
 * Level 4.3 Fighting
 * Level 3.3 Axes
 + Level 1.0 Throwing
 + Level 2.6 Armour
 + Level 1.3 Dodging
 + Level 2.0 Stealth
 + Level 3.4 Invocations


You had 4 spell levels left.
You didn't know any spells.

Dungeon Overview and Level Annotations

Branches:
Dungeon (4/15)
 Temple: D:4-7

Altars:
Elyvilon
Nemelex Xobeh
Okawaru
Sif Muna
Trog

Annotations:
D:4 Sigmund


Innate Abilities, Weirdness & Mutations

You are under a permanent stasis effect.
You can dig through walls and to a lower floor.
Your four strong arms can wield two-handed weapons with a shield.
You have a pair of large antennae on your head (SInv).


Message History

You aren't carrying any potions.
Read which item? (? for menu, Esc to quit)
Okay, then.
Eat which item? (? for menu, Esc to quit)
You continue eating.
* * * LOW HITPOINT WARNING * * *
You feel sick.
You continue eating.
* * * LOW HITPOINT WARNING * * *
You feel sick.
You finish eating.
That royal jelly was delicious!
* * * LOW HITPOINT WARNING * * *
You feel sick.
* * * LOW HITPOINT WARNING * * *
You feel sick.
* * * LOW HITPOINT WARNING * * *
You feel sick.
* * * LOW HITPOINT WARNING * * *
You feel sick.
You die...

....#.............#......#####+##
....#...........#.#......#.......
....#...........#.#......#.......
....#....######...#......#.......
........## #..........#.......
......#########..................
...............##..............##
...............##...##.........##
................@..>.+.........'.
..................####.........##
######............# #.........# #
#.........##.# #.........# #
#.........##.# #.........# #
############.# ########### # #.#
#.# #.######


There were no monsters in sight!

Vanquished Creatures
  A hound (D:3)
  A worker ant (D:3)
  5 adders
  2 worms (D:3)
  4 dart slugs (D:1)
  3 giant geckos
  2 orcs (D:3)
  8 bats
  2 giant cockroaches
  13 goblins
  5 hobgoblins
  2 jackals (D:3)
  2 quokkas (D:3)
  2 ball pythons (D:3)
  A giant gecko skeleton (D:3)
  3 giant newts
  8 kobolds
  4 rats
68 creatures vanquished.

Notes
Turn   | Place    | Note
--------------------------------------------------------------
     0 | Abyss:1  | RickumRackum the Formicid Abyssal Knight began the quest for the Orb.
     0 | Abyss:1  | Reached XP level 1. HP: 18/18 MP: 2/2
    51 | Abyss:1  | Noticed a small abomination
    52 | D:1      | Escaped the Abyss
    90 | D:1      | Reached skill level 1 in Dodging
   247 | D:1      | Reached XP level 2. HP: 24/24 MP: 3/3
   340 | D:1      | Reached * piety under Lugonu
   409 | D:1      | Reached XP level 3. HP: 27/29 MP: 4/4
   593 | D:1      | Reached skill level 1 in Stealth
   783 | D:1      | Found a sparkling altar of Nemelex Xobeh.
  1009 | D:2      | Reached XP level 4. HP: 21/37 MP: 4/6
  1231 | D:2      | Found a deep blue altar of Sif Muna.
  1599 | D:3      | Reached ** piety under Lugonu
  1793 | D:3      | Found a white marble altar of Elyvilon.
  1836 | D:3      | Reached XP level 5. HP: 42/42 MP: 7/7
  1854 | D:3      | Found an iron altar of Okawaru.
  2009 | D:3      | Reached skill level 1 in Throwing
  2143 | D:3      | Reached skill level 4 in Fighting
  2656 | D:4      | Found a bloodstained altar of Trog.
  2656 | D:4      | Noticed Sigmund
  2798 | D:3      | HP: 2/43 [poisoned by a worker ant]
  2803 | D:3      | HP: 1/43 [poisoned by a worker ant]
  2806 | D:3      | Succumbed to a worker ant's poison

Skill      XL: |  1  2  3  4  5 |
---------------+----------------+-----
Dodging        | 1 |  1.3
Stealth        | 1 2 |  2.0
Axes           | 3 |  3.3
Invocations    | 3 |  3.4
Throwing       | 1 |  1.0
Fighting       | 4 |  4.3
Armour         | |  2.6

Action                   |  1- 3 |  4- 6 || total
-------------------------+-------+-------++-------
Melee: Hand axe          |    93 |   175 ||   268
Throw: Throwing net      |     1 |       ||     1
Invok: Depart the Abyss  |     1 |       ||     1
       Bend Space        |       |     1 ||     1
 Abil: Dig               |     1 |       ||     1
  Use: Scroll            |     4 |     3 ||     7
       Potion            |       |     6 ||     6
  Eat: Chunk             |     1 |     5 ||     6
       Royal jelly       |       |     1 ||     1
       Beef jerky        |       |     1 ||     1
Armor: Plate armour      |    84 |   148 ||   232
Dodge: Dodged            |    28 |    62 ||    90
